 Dungeon Crawl Stone Soup version bcrawl-1.13.5 (webtiles) character file.

Game seed: 1305163707641365388

68960 MisterOstroum the Peltast (level 14, -2/116 HPs)
             Began as a Demonspawn Archaeologist on Aug 25, 2019.
             Was a High Priest of Qazlal.
             Slain by a jumping spider (15 damage)
             ... on level 4 of the Lair of Beasts.
             The game lasted 01:08:49 (20175 turns).

MisterOstroum the Peltast (DsAc)                   Turns: 20175, Time: 01:08:50

Health: -2/116     AC: 18    Str: 20    XL:     14   Next: 88%
Magic:  22/22      EV:  9    Int: 17    God:    Qazlal [*****.]
Gold:   1420       SH: 28    Dex: 16    Spells: 7/13 levels left

rFire    . . .     SeeInvis .   a - +8 autumn katana {slice, Clar}
rCold    . . .     Gourm    .   S - +1 shield {AC+3}
rNeg     . . .     Faith    .   u - +1 plate armour {rPois}
rPois    +         Spirit   .   c - +1 hat
rElec    .         Reflect  +   P - +0 cloak
rCorr    .         Harm     .   j - +1 pair of gloves
MR       +....     Clarity  +   (boots unavailable)
Stlth    ..........             p - +2 amulet of reflection
HPRegen  0.29/turn              N - +6 ring of strength
MPRegen  0.18/turn              H - +3 ring of dexterity

@: protected from physical damage, corroded, very slightly contaminated, repel
missiles
A: hooves 3, rugged brown scales 2, demonic guardian 2, powered by pain 1
a: Upheaval, Elemental Force, Disaster Area, Renounce Religion


You were on level 4 of the Lair of Beasts.
You worshipped Qazlal.
Qazlal was extremely pleased with you.
You were not hungry.

You visited 5 branches of the dungeon, and saw 20 of its levels.
You also visited: Ice Cave.

You collected 2147 gold pieces.
You spent 727 gold pieces at shops.

Inventory:

Hand Weapons
 a - the +8 autumn katana (weapon) {slice, Clar}

   It inflicts extra damage upon your enemies.
   It protects you against confusion.
Missiles
 b - 44 steel javelins
 q - 158 stones
 X - 2 throwing nets {!f!f}
 Y - 204 tomahawks (quivered)
Armour
 c - a +1 hat (worn)
 j - a +1 pair of gloves (worn)
 s - a +2 robe of magic resistance
 u - a +1 plate armour of poison resistance (worn)
 P - a +0 cloak (worn)
 S - a +1 shield of protection (worn)
Jewellery
 f - an uncursed ring of positive energy
 g - an uncursed ring of flight
 p - a +2 amulet of reflection (around neck)
 x - an uncursed ring of insulation
 B - an uncursed ring of resist corrosion
 H - a +3 ring of dexterity (right hand)
 J - an uncursed ring of protection from cold
 N - a +6 ring of strength (left hand)
 Z - an uncursed ring of see invisible
Wands
 d - a wand of iceblast (13)
 M - a wand of disintegration (18)
 O - a wand of enslavement (9)
 R - a wand of polymorph (26)
 W - a wand of acid (4)
Scrolls
 k - a scroll of magic mapping {@r5 !r}
 n - 5 scrolls of immolation
 t - 4 scrolls of fear {!r}
 y - 7 scrolls of remove curse {@r2}
 C - 3 scrolls of teleportation
 F - 2 scrolls of blinking {@r4}
 L - 3 scrolls of amnesia
 Q - a scroll of vulnerability {unknown}
 V - 5 scrolls of fog {!r}
Potions
 h - 3 potions of mutation
 i - a potion of agility {@q5 !q}
 l - 2 potions of magic
 o - 4 potions of haste {@q4 !q}
 r - 5 potions of lignification {@q6}
 v - a potion of cancellation {unknown}
 w - 3 potions of brilliance
 z - 2 potions of resistance
 D - 2 potions of might {unknown}
 E - 10 potions of curing {@q1 !q}
 G - 3 potions of heal wounds {unknown}
 K - a potion of invisibility
 T - 3 potions of flight
 U - a potion of ambrosia {unknown}
Miscellaneous
 m - a box of beasts
Comestibles
 e - 42 rations {!d}


   Skills:
 + Level 10.5 Fighting
 - Level 12.0 Long Blades
   Level 0.8 Maces & Flails
 * Level 6.9 Armour
 - Level 5.0 Dodging
 - Level 3.0 Stealth
 - Level 15.0 Shields
 + Level 10.9 Invocations
 - Level 5.0 Evocations


You had 7 spell levels left.
You knew the following spells:

 Your Spells              Type           Power        Failure   Level  Hunger
a - Infusion              Chrm           #.......     99%         1    ##.....
b - Vampiric Draining     Necr           #.........   100%        3    ####...
c - Sticks to Snakes      Tmut           #.......     100%        2    ###....

Your spell library contained the following spells:

 Spells                   Type           Power        Failure   Level  Hunger
 Animate Skeleton         Necr           N/A          99%         1    ##.....
 Apportation              Tloc           #.....       99%         1    ##.....
 Beastly Appendage        Tmut           #.....       99%         1    ##.....
 Corona                   Hex            #......      99%         1    ##.....
 Pain                     Necr           #...         99%         1    ##.....
 Sandblast                Erth           #.....       99%         1    ##.....
 Slow                     Hex            #.......     99%         1    ##.....
 Summon Butterflies       Summ           #.......     99%         1    ##.....
 Summon Small Mammal      Summ           #...         99%         1    ##.....
 Call Imp                 Summ           #.......     100%        2    ###....
 Ensorcelled Hibernation  Hex/Ice        #.....       100%        2    ###....
 Poisonous Vapours        Pois/Air       #.....       100%        2    ###....
 Call Canine Familiar     Summ           #.......     100%        3    ####...
 Confuse                  Hex            #.......     100%        3    ####...
 Conjure Flame            Conj/Fire      #.......     100%        3    ####...
 Dazzling Spray           Conj/Hex       #.....       100%        3    ####...
 Leda's Liquefaction      Hex/Erth       #.........   100%        3    ####...
 Mephitic Cloud           Conj/Pois/Air  #.......     100%        3    ####...
 Regeneration             Chrm/Necr      #.........   100%        3    ####...
 Spider Form              Tmut/Pois      #..          100%        3    ####...
 Tukima's Dance           Hex            #.......     100%        3    ####...
 Animate Dead             Necr           N/A          100%        4    #####..
 Ice Form                 Ice/Tmut       #.......     100%        4    #####..
 Petrify                  Tmut/Erth      #.......     100%        4    #####..
 Summon Ice Beast         Ice/Summ       #.......     100%        4    #####..
 Yara's Violent Unravell  Hex/Tmut       #.........   100%        4    #####..
 Blade Hands              Tmut           #.........   100%        5    ######.
 Bolt of Draining         Conj/Necr      #.........   100%        5    ######.
 Bolt of Magma            Conj/Fire/Erth #.........   100%        5    ######.
 Metabolic Englaciation   Hex/Ice        #.........   100%        5    ######.
 Summon Lightning Spire   Summ/Air       #.......     100%        5    ######.
 Freezing Cloud           Conj/Ice/Air   #.........   100%        6    #######
 Iron Shot                Conj/Erth      #.........   100%        6    #######
 Statue Form              Tmut/Erth      #........    100%        6    #######
 Mana Rupture             Conj/Hex       #.........   100%        7    #######
 Ring of Flames           Chrm/Fire      #.........   100%        7    #######
 Shatter                  Erth           #.........   100%        9    #######


Dungeon Overview and Level Annotations

Branches:
Dungeon (12/12)            Temple (1/1) D:7            Lair (5/6) D:8
 Shoals (0/3) Lair:3       Spider (1/3) Lair:3        Slime (0/5) Lair:5
    Orc (1/1) D:10            Elf (0/3) Orc
 Vaults: D:11-12     Depths: D:12

Altars:
Ashenzari
Cheibriados
Dithmenos
Elyvilon
Fedhas
Hepliaklqana
Kikubaaqudgha
Lugonu
Makhleb
Nemelex Xobeh
Qazlal
Ru
Trog
Vehumet
Wu Jian
Xom
Yredelemnul
Zin
The Shining One
Jiyva

Shops:
D:5 !   D:10 =   D:11 ?   Orc :*?(

Portals:
Trove: D:10 (give +7 demon blade)

Annotations:
D:10 3 runed translucent doors, flt's ghost, journeyman DrAc
Lair:4 3 runed translucent doors, vorber's ghost, journeyman MiBe


Innate Abilities, Weirdness & Mutations

You have hooves in place of feet.
You are mostly covered in rugged brown scales. (AC +2, +5% HP)
A demonic guardian rushes to your aid.
You sometimes gain a little power by taking damage.


Message History

There is a crawl-hole back to the Lair, spattered with blood here.
Okay, then.
You can't do that while caught in a web.
Unknown command.
You block the jumping spider's attack. x2
The jumping spider is engulfed in blazing flames.
You block the jumping spider's attack. The jumping spider bites you.
You feel protected from physical attacks.
The jumping spider leaps!
You block the jumping spider's attack. The jumping spider bites you.
You feel more protected from physical attacks.
The entropy weaver barely misses you. The entropy weaver closely misses you.
The entropy weaver hits you but does no damage.
The entropy weaver barely misses you.
The jumping spider is engulfed in blazing flames.
The jumping spider barely misses you.
The jumping spider bites you but does no damage.
The moth of wrath goads the wolf spider on!
The wolf spider goes berserk!
The demonic crawler hits you but does no damage.
You block the demonic crawler's attack.
The demonic crawler hits you but does no damage.
The jumping spider is engulfed in blazing flames.
You block the jumping spider's attack. x2; The demonic crawler hits you.
The demonic crawler hits you but does no damage.
You block the demonic crawler's attack.
The jumping spider is engulfed in blazing flames.
You block the jumping spider's attack. x2; The jumping spider leaps!
The moth of wrath goads the redback on!
The redback goes berserk!
The entropy weaver barely misses you.
The entropy weaver hits you but does no damage.
You block the entropy weaver's attack.
The entropy weaver hits you but does no damage.
The jumping spider leaps!
The wolf spider hits you but does no damage.
The wolf spider barely misses you. The demonic crawler barely misses you.
The demonic crawler hits you!
The demonic crawler hits you but does no damage.
The jumping spider is engulfed in blazing flames.
The jumping spider pounces on you!!
The jumping spider bites you but does no damage.
Your smoke demon hits the demonic crawler but does no damage. x2
Your smoke demon hits the demonic crawler.
You climb upwards.
Welcome back to the Lair of Beasts!
Your summoned ally is left behind.
There is a hole to the Spider Nest here.
Blink to where?
Press: ? - help, Dir - move target cursor You are very lightly contaminated with residual magic.
As you read the scroll of blinking {@r4}, it crumbles to dust.
The wolf spider is engulfed in blazing flames.
The entropy weaver casts a spell.
The entropic weave corrodes you!
The wolf spider is engulfed in freezing vapours.
You block the wolf spider's attack. x2
Unknown command.
The wolf spider is engulfed in blazing flames.
The wolf spider hits you!! You block the wolf spider's attack.
You block the wolf spider's attack. x2
You block the wolf spider's attack. The wolf spider bites you.
* * * LOW HITPOINT WARNING * * *
The jumping spider rages.
Your orange demon stings the wolf spider.
Your orange demon hits the wolf spider.
The wolf spider looks weaker.
There is a stone staircase leading down here.
Put on which piece of jewellery? (? for menu, Esc to quit)
You're wearing all the rings you can.
Remove which one? (? for menu, Esc to cancel) < or
N - a +6 ring of strength; > or
H - a +3 ring of dexterity
Okay, then.
Okay, then.
The wolf spider hits your orange demon!
The wolf spider bites your orange demon.
You block the jumping spider's attack. x2
The wolf spider hits your orange demon!
The wolf spider bites your orange demon.
You block the jumping spider's attack. x2
The entropy weaver casts a spell.
The entropic weave corrodes you! The wolf spider hits your orange demon.
The wolf spider bites your orange demon!
Your orange demon stings the wolf spider but does no damage.
Your orange demon barely misses the wolf spider.
You climb downwards.
Your summoned ally is left behind.
Level annotation: 3 runed translucent doors, vorber's ghost, journeyman MiBe
There is a stone staircase leading up here.
You hit the jumping spider but do no damage.
Your kick misses the jumping spider.
The jumping spider is severely wounded.
You block the jumping spider's attack. x2
Your plate armour prevents you from hitting the jumping spider.
Your kick misses the jumping spider.
The jumping spider is severely wounded.
You block the jumping spider's attack. x2; The jumping spider pounces on you!!
* * * LOW HITPOINT WARNING * * *
You are caught in a web!
The jumping spider barely misses you.
The jumping spider is engulfed in blazing flames.
You block the jumping spider's attack. x2
The jumping spider is engulfed in blazing flames.
The jumping spider pounces on you!
You die...

#.##..^..###...###
##.............#.#
....#..##.....P###
.######.###....# #.#######
###.## #..#.## #.#.###
.....P## ##..PP## .......##
###.°..## ......#.#
#...§°@.#### .......##
#.....§s#..# .......##
#..........## ........#
#.........P.##
........###............#
<........#.........P#..##
...................###..##
............#......####..###
...........###.......###...#


You could see a jumping spider (berserk).

Vanquished Creatures
  Gastronok (Lair:3)
  An orc warlord (Orc)
  An emperor scorpion (Lair:3)
  A white draconian (IceCv)
  5 hydras
  Erica (D:8)
  The ghost of cirnu the Slicer, a journeyman VSCK of Gozag (Lair:2)
  3 death yaks (IceCv)
  5 skeletal warriors (D:11)
  Pikel (D:8)
  An orc sorcerer (Orc)
  An orb spider (Spider:1)
  A wolf spider zombie (D:10)
  2 orc knights
  A faun (Lair:3)
  5 wolf spiders
  An ugly thing (D:10)
  An oklob plant (Lair:3)
  9 elephants
  4 black mambas
  An ice statue (IceCv)
  An elephant (shapeshifter) (D:11)
  4 cane toads
  4 komodo dragons
  2 ice devils (Lair:4)
  2 guardian mummies (D:10)
  7 trolls
  A jumping spider (Spider:1)
  13 polar bears (IceCv)
  5 blink frogs (Lair:3)
  8 hippogriffs
  A meliai zombie (D:10)
  2 slime creatures (D:12)
  A vampire (D:12)
  A spriggan (D:11)
  4 tarantellas
  A shadow (D:11)
  4 redbacks (Spider:1)
  54 yaks
  A human (D:10)
  A wraith (D:12)
  Menkaure (D:6)
  2 hungry ghosts
  Grum (D:9)
  13 water moccasins
  3 wargs
  6 porcupines
  40 orc warriors
  2 slaves (D:8)
  5 ice beasts
  A sky beast (D:11)
  A black bear (D:11)
  An eye of draining (D:9)
  4 phantoms
  3 ogres
  63 wolves
  5 boggarts (D:11)
  16 centaurs
  11 crocodiles
  3 big kobolds
  A gnoll sergeant (D:6)
  15 bullfrogs
  4 scorpions
  14 wights
  22 killer bees
  A howler monkey (D:8)
  8 crimson imps
  4 centaur zombies
  A bullfrog zombie (D:5)
  A gnoll shaman (D:5)
  5 hounds
  A jelly (D:8)
  6 centaur skeletons
  9 orc priests
  12 orc wizards
  7 iguanas
  10 worker ants
  A hound zombie (D:5)
  A hound skeleton (D:4)
  A worker ant zombie (D:5)
  11 gnolls
  6 adders
  2 shadow imps
  2 adder skeletons
  5 worms
  3 dart slugs
  7 leopard geckos
  63 orcs
  5 bats
  6 giant cockroaches
  5 goblins
  4 hobgoblins
  8 jackals
  8 quokkas
  2 ball pythons
  4 frilled lizards
  A jackal skeleton (D:4)
  A jackal zombie (D:6)
  28 kobolds
  7 rats
  A plant (Lair:3)
648 creatures vanquished.

Vanquished Creatures (collateral kills)
  Harold (D:10)
  A hydra (Lair:2)
  A tengu warrior (D:8)
  An orb spider (Spider:1)
  A centaur zombie (D:10)
  4 yaks
  Sigmund (D:2)
  A vampire (D:6)
  2 hungry ghosts
  2 porcupines
  A sky beast (D:4)
  An ogre (D:10)
  A wolf (IceCv)
  A crocodile (Lair:5)
  A bullfrog (Lair:3)
  2 wights
  A killer bee (D:10)
  A howler monkey (D:8)
  A crimson imp (D:4)
  A shadow imp (D:6)
  7 orcs
  A kobold (D:7)
34 creatures vanquished.

Vanquished Creatures (others)
  A demonic crawler (Spider:1)
  2 yaks (IceCv)
  A sky beast (D:5)
  2 slaves (D:8)
  2 wolves (IceCv)
  A centaur (Orc)
  A scorpion (D:5)
  4 jackals (D:5)
  A quokka (D:5)
  3 fungi
  4 plants
22 creatures vanquished.

Grand Total: 704 creatures vanquished

Notes
Turn   | Place    | Note
-------+----------+-------------------------------------------
     0 | D:1      | MisterOstroum the Demonspawn Archaeologist began the quest
                  | for the Orb.
     0 | D:1      | Reached XP level 1. HP: 15/15 MP: 1/1
   427 | D:1      | Gained mutation: A weak demonic guardian rushes to your
                  | aid. [demonic ancestry]
   427 | D:1      | Reached XP level 2. HP: 22/22 MP: 2/2
   985 | D:2      | Found a blossoming altar of Fedhas.
  1050 | D:1      | Gained mutation: You have large cloven feet. [demonic
                  | ancestry]
  1050 | D:1      | Reached XP level 3. HP: 13/29 MP: 3/3
  1453 | D:2      | Noticed Sigmund
  1467 | D:2      | Killed Sigmund
  1467 | D:2      | Gained mutation: You are partially covered in rugged brown
                  | scales. (AC +1, +3% HP) [demonic ancestry]
  1467 | D:2      | Reached XP level 4. HP: 30/38 MP: 4/4
  1803 | D:2      | Found a radiant altar of Vehumet.
  1822 | D:2      | Found a glowing silver altar of Zin.
  2039 | D:2      | Found an ornate altar of the Wu Jian Council.
  2169 | D:2      | Reached XP level 5. HP: 43/43 MP: 5/5
  2194 | D:2      | Found a glowing golden altar of the Shining One.
  2242 | D:2      | Found a stormy altar of Qazlal.
  2496 | D:2      | Became a worshipper of Qazlal Stormbringer
  3037 | D:3      | Found a hazy altar of Hepliaklqana.
  3407 | D:3      | Found a snail-covered altar of Cheibriados.
  3924 | D:4      | Noticed a sky beast
  3932 | D:4      | Killed a sky beast
  3932 | D:4      | Reached XP level 6. HP: 43/51 MP: 6/6
  4012 | D:4      | Noticed a water moccasin
  4037 | D:4      | Killed a water moccasin
  4037 | D:4      | Reached skill level 5 in Fighting
  4037 | D:4      | Reached skill level 5 in Long Blades
  4065 | D:4      | HP: 3/78 [poisoned by a water moccasin]
  4576 | D:4      | Gained mutation: You are mostly covered in rugged brown
                  | scales. (AC +2, +5% HP) [demonic ancestry]
  4576 | D:4      | Reached XP level 7. HP: 45/58 MP: 7/7
  4728 | D:4      | Reached * piety under Qazlal
  4751 | D:4      | Got an ebony whip
  5391 | D:5      | Entered Level 5 of the Dungeon
  5412 | D:5      | Reached skill level 5 in Dodging
  5419 | D:5      | Reached skill level 1 in Invocations
  5510 | D:5      | Gained mutation: You have hoof-like feet. [demonic
                  | ancestry]
  5510 | D:5      | Reached XP level 8. HP: 53/65 MP: 8/10
  5644 | D:5      | Reached skill level 5 in Invocations
  5809 | D:5      | Found Ilokekh's Distillery.
  5815 | D:5      | Bought a potion of degeneration for 14 gold pieces
  6158 | D:5      | Learned a level 2 spell: Sticks to Snakes
  6323 | D:6      | Reached ** piety under Qazlal
  6324 | D:6      | Found a transporter.
  6343 | D:6      | Noticed Menkaure
  6345 | D:6      | Found a transporter.
  6345 | D:6      | Found an ancient bone altar of Kikubaaqudgha.
  6369 | D:6      | Found a basalt altar of Yredelemnul.
  6530 | D:6      | Reached XP level 9. HP: 71/71 MP: 12/12
  6898 | D:6      | Reached skill level 10 in Long Blades
  7157 | D:6      | Killed Menkaure
  7377 | D:7      | Reached XP level 10. HP: 39/77 MP: 13/13
  7586 | D:7      | Reached *** piety under Qazlal
  7656 | D:7      | Learned a level 3 spell: Vampiric Draining
  8090 | D:7      | Found a staircase to the Ecumenical Temple.
  8097 | Temple   | Entered the Ecumenical Temple
  8105 | D:7      | Found a white marble altar of Elyvilon.
  8364 | D:7      | Reached skill level 1 in Evocations
  8415 | D:7      | Reached **** piety under Qazlal
  8531 | D:8      | Noticed Pikel
  8538 | D:8      | Killed Pikel
  8681 | D:8      | Noticed Erica
  8690 | D:8      | Killed Erica
  8690 | D:8      | Gained mutation: You have hooves in place of feet. [demonic
                  | ancestry]
  8690 | D:8      | Reached XP level 11. HP: 91/91 MP: 14/14
  8816 | D:8      | Reached skill level 5 in Evocations
  9002 | D:8      | Found a staircase to the Lair.
  9486 | D:8      | Noticed a tengu warrior
  9533 | D:8      | Killed a tengu warrior
  9913 | D:9      | Reached skill level 1 in Shields
 10310 | D:9      | Reached skill level 10 in Fighting
 10310 | D:9      | Reached skill level 2 in Shields
 11007 | D:9      | Reached skill level 3 in Shields
 11031 | D:9      | Noticed Grum
 11034 | D:9      | Killed Grum
 11246 | D:10     | Entered Level 10 of the Dungeon
 11274 | D:10     | Noticed a cyan ugly thing
 11278 | D:10     | Killed a cyan ugly thing
 11278 | D:10     | Reached skill level 4 in Shields
 11310 | D:10     | Reached skill level 5 in Shields
 11314 | D:10     | Reached ***** piety under Qazlal
 11351 | D:10     | Reached skill level 6 in Shields
 11362 | D:10     | Noticed Harold
 11375 | D:10     | Killed Harold
 11375 | D:10     | Reached skill level 7 in Shields
 11528 | D:10     | Reached XP level 12. HP: 101/101 MP: 15/15
 11555 | D:10     | Found Caqipnuh's Jewellery Emporium.
 11613 | D:10     | Bought an uncursed ring of see invisible for 195 gold
                  | pieces
 11649 | D:10     | Found a runed translucent gate.
 11649 | D:10     | Found a runed translucent gate.
 11649 | D:10     | Found a runed translucent gate.
 11650 | D:10     | Noticed a 12-headed hydra
 11651 | D:10     | Noticed flt's ghost (journeyman DrAc)
 11652 | D:10     | Noticed a nine-headed hydra
 11661 | D:10     | Reached skill level 8 in Shields
 11758 | D:10     | Identified the +1 robe of Conscience {rElec Str-3 Stlth+}
 11763 | D:10     | Found a staircase to the Orcish Mines.
 11780 | D:10     | Got a pitted chain mail
 11855 | D:10     | Found a portal to a secret trove of treasure.
 12278 | D:11     | Reached skill level 9 in Shields
 12507 | D:11     | Found Zuwetz's Magic Scroll Shop.
 12620 | D:11     | Reached skill level 10 in Shields
 13073 | D:12     | Entered Level 12 of the Dungeon
 13088 | D:12     | Reached ****** piety under Qazlal
 13177 | D:11     | Identified the cursed +0 chain mail of Gepu {rElec rF- MP+9
                  | Int+4} (You found it on level 10 of the Dungeon)
 13246 | Orc      | Entered the Orcish Mines
 13366 | Orc      | Reached skill level 11 in Shields
 13372 | Orc      | Gained mutation: You sometimes gain a little power by
                  | taking damage. [demonic ancestry]
 13372 | Orc      | Reached XP level 13. HP: 108/108 MP: 16/19
 13500 | Orc      | Noticed an orc warlord
 13549 | Orc      | Killed an orc warlord
 13552 | Orc      | Reached skill level 10 in Invocations
 13729 | Orc      | Found a staircase to the Elven Halls.
 14023 | Orc      | Found Tavick's Assorted Antiques.
 14023 | Orc      | Found Hilaugro's Magic Scroll Boutique.
 14025 | Orc      | Found Open's Antique Weapon Shop.
 14027 | Orc      | Found Tahuris's Book Emporium.
 14032 | Orc      | Bought a scroll of blinking for 105 gold pieces
 14032 | Orc      | Bought a scroll of identify for 28 gold pieces
 14032 | Orc      | Bought a scroll of fog for 28 gold pieces
 14265 | Orc      | Bought a book of Cantrips for 260 gold pieces
 14267 | Orc      | Learned a level 1 spell: Infusion
 14394 | Lair:1   | Entered Level 1 of the Lair of Beasts
 14752 | Lair:1   | Reached skill level 1 in Armour
 14824 | Lair:1   | Reached skill level 12 in Shields
 15501 | Lair:2   | Found a runed translucent gate.
 15501 | Lair:2   | Found a runed translucent gate.
 15501 | Lair:2   | Found a runed translucent gate.
 15513 | Lair:2   | Noticed cirnu's ghost (journeyman VSCK)
 15544 | Lair:2   | Killed cirnu's ghost
 15702 | Lair:2   | Found a sacrificial altar of Ru.
 15881 | Lair:2   | Reached skill level 13 in Shields
 16137 | Lair:3   | Noticed Gastronok
 16154 | Lair:3   | Killed Gastronok
 16325 | Lair:3   | Gained mutation: A demonic guardian rushes to your aid.
                  | [demonic ancestry]
 16325 | Lair:3   | Reached XP level 14. HP: 115/115 MP: 21/21
 16529 | Lair:3   | Found a staircase to the Shoals.
 16563 | Lair:3   | Reached skill level 5 in Armour
 16934 | Lair:3   | Found a hole to the Spider Nest.
 17250 | Lair:4   | Reached skill level 14 in Shields
 17296 | Lair:4   | Found a frozen archway.
 17314 | IceCv    | Entered an ice cave
 17756 | IceCv    | Reached skill level 15 in Shields
 18603 | Lair:4   | Found a runed translucent gate.
 18603 | Lair:4   | Found a runed translucent gate.
 18604 | Lair:4   | Found a runed translucent gate.
 18604 | Lair:4   | Noticed vorber's ghost (journeyman MiBe)
 19375 | Lair:5   | Found a staircase to the Slime Pits.
 19376 | Lair:5   | Found a viscous altar of Jiyva.
 19709 | Spider:1 | Entered Level 1 of the Spider Nest
 19709 | Spider:1 | Noticed an emperor scorpion
 19718 | Spider:1 | Noticed an entropy weaver
 19792 | Lair:3   | Killed an emperor scorpion
 19979 | D:10     | Bought a +2 amulet of reflection for 97 gold pieces
 20175 | Lair:4   | Slain by a jumping spider

Skill      XL: |  1  2  3  4  5  6  7  8  9 10 11 12 13 14 |
---------------+-------------------------------------------+-----
Fighting       | 2 3 4 5 8 10 | 10.5
Long Blades    | 2 3 4 6 9 11 12 | 12.0
Dodging        | 5 |  5.0
Invocations    | 3 5 9 10 | 10.9
Evocations     | 4 5 |  5.0
Shields        | 7 11 13 15 | 15.0
Armour         | 4 6 |  6.9
Maces & Flails | |  0.8
Stealth        | |  3.0

Action                   |  1- 3 |  4- 6 |  7- 9 | 10-12 | 13-15 || total
-------------------------+-------+-------+-------+-------+-------++-------
Melee: Whip              |   139 |       |       |       |       ||   139
       Dagger            |    43 |   162 |       |       |       ||   205
       Short sword       |       |    73 |       |       |       ||    73
       Katana            |       |     5 |   205 |   677 |   726 ||  1613
       Kick              |       |       |       |   160 |   238 ||   398
       Unarmed           |       |       |       |     8 |       ||     8
 Fire: Blowgun           |       |       |       |     5 |       ||     5
Throw: Stone             |    41 |    22 |    78 |   369 |   245 ||   755
       Tomahawk          |       |       |       |       |    44 ||    44
       Javelin           |       |       |       |       |     1 ||     1
Invok: Upheaval          |       |       |       |     6 |    19 ||    25
       Disaster Area     |       |       |       |       |     3 ||     3
  Use: Potion            |       |     2 |       |       |       ||     2
       Scroll            |       |       |     6 |    10 |     8 ||    24
 Stab: Sleeping          |       |     6 |       |       |       ||     6
       Distracted        |       |       |     2 |       |     1 ||     3
  Eat: Chunk             |     2 |    10 |     9 |    20 |    19 ||    60
       Ration            |       |       |       |       |     1 ||     1
Armor: Scale mail        |    91 |    49 |       |       |       ||   140
       Robe              |     2 |    23 |    39 |     5 |       ||    69
       Skin              |       |     3 |       |     1 |       ||     4
       Troll leather arm |       |       |       |    68 |     8 ||    76
       Plate armour      |       |       |       |       |   115 ||   115
Dodge: Dodged            |    86 |   104 |    77 |   139 |    72 ||   478
       Deflected         |       |       |       |    12 |     7 ||    19
Block: Other             |       |       |    24 |    43 |       ||    67
       Shield            |       |       |       |   308 |   609 ||   917
